 Dungeon Crawl Stone Soup version 0.31-a0-180-g519b7de00c (webtiles) character file.

Game seed: 7987906413837948322

46 qw the Chopper (level 3, -1/23 HPs)
             Began as a Gargoyle Fighter on June 19, 2023.
             Slain by Sigmund
             ... wielding a +2 scythe of venom
              (8 damage)
             ... on level 2 of the Dungeon.
             The game lasted 00:00:28 (1201 turns).

qw the Chopper (Gargoyle Fighter)                   Turns: 1201, Time: 00:00:29

Health: -1/23      AC: 10    Str: 21    XL:     3   Next: 68%
Magic:  3/3        EV:  9    Int:  8    God:
Gold:   57         SH:  4    Dex:  9    Spells: 2/2 levels left

rFire   . . .        Y - +0 war axe
rCold   . . .        c - +0 buckler
rNeg    + . .        b - +0 scale mail
rPois   inf          (no helmet)
rElec   +            (no cloak)
rCorr   .            (no gloves)
SInv    .            (no boots)
Will    .....        (no amulet) Stlth
                     (no ring)
HPRegen 0.23/turn    (no ring)
MPRegen 0.08/turn

%: no passive effects
@: no status effects
A: sickness immunity, AC +3, negative energy resistance 1, electricity
resistance, torment resistance 1, petrification resistance
a: no special abilities


You were on level 2 of the Dungeon.
You visited 1 branch of the dungeon, and saw 2 of its levels.

You collected 57 gold pieces.


Innate Abilities, Weirdness & Mutations

You are immune to sickness and miasma.
Your stone body is resilient. (AC +3)
You are immune to poison.
You resist negative energy. (rN+)
You are resistant to electric shocks. (rElec)
You are resistant to unholy torment.
You are immune to petrification.


   Skills:
 - Level 3.2 Fighting
 - Level 3.3 Axes
 + Level 0.8 Throwing
 - Level 3.2 Armour
 - Level 3.2 Shields


You had 2 spell levels left.
You didn't know any spells.
Your spell library was empty.

Inventory:

Hand Weapons
 a - a +0 mace of protection
 Y - a +0 war axe (weapon)
Missiles
 i - 5 javelins
Armour
 b - a +0 scale mail (worn)
 c - a +0 buckler (worn)
 e - a +0 cloak
 f - a +0 helmet
Scrolls
 g - a scroll of identify {unknown}
 h - a scroll of teleportation {unknown}
 j - a scroll of noise {unknown}
Potions
 d - 2 potions of might
 l - a potion of resistance {unknown}
 o - a potion of degeneration {unknown}

Dungeon Overview and Level Annotations

Branches:
Dungeon (2/15)

Altars:

Shops:
D:1 ?   D:2 (

Annotations:
D:2 Sigmund


Message History

You barely miss the goblin. The goblin hits you with a +0 dagger.
The goblin barely misses you.
You barely miss the goblin. The goblin hits you but does no damage.
You slash the goblin!
You kill the goblin!
You start resting.
HP restored.
There is an entrance to Qatt's Weapon Shoppe here.
Enter note:
1163 ||| SHOPLISTING +2 war axe of venom (210 gold, have 49).
You can access your shopping list by pressing '$'.
You now have 57 gold pieces (gained 8).
g - a scroll labelled MORIWE CYNOISS
Enter note:
h - a scroll labelled RATSACIONO;
j - a scroll labelled BYSHEE CASO
Enter note: Sigmund the Dreaded comes into view.
He is wielding a +2 scythe of venom.
Sigmund shouts!
Sigmund gestures at you while chanting.
You are confused.
Enter note:
1194 ||| DRINKING potion of curing.
You feel better.
1194 ||| (to cure confusion) Sigmund casts a spell at you.
You resist with significant effort.
Sigmund gestures wildly while chanting.
Sigmund flickers and vanishes!
Deactivating autopickup; reactivate with Ctrl-A.
Enter note: You swing at nothing.
You swing at nothing.
You swing at nothing.
You swing at nothing.
Something hits you!
You swing at nothing.
Something hits you!
You swing at nothing.
Something hits you!
You die...

#.# #....# #.#
#.# #.#### ...
####.# #.# #.#
..#.## #.# #..
#....#########.#
###
#.....#........#
#.... #.########
#.###$#.###.#
#......@....#
#####.####### ..
##


There were no monsters in sight!

Vanquished Creatures
  Robin (D:2)
  3 endoplasms
  11 goblins
  4 hobgoblins
  2 jackals (D:1)
  2 quokkas (D:1)
  3 ball pythons
  2 frilled lizards (D:1)
  2 kobolds
  2 rats
32 creatures vanquished.

Notes
Turn   | Place    | Note
-------+----------+-------------------------------------------
     0 | D:1      | qw the Gargoyle Fighter began the quest for the Orb.
     0 | D:1      | Reached XP level 1. HP: 14/14 MP: 1/1
     0 | D:1      | 0 ||| qw: Version: 0.3-a-7-ge0c9b40
     0 | D:1      | 0 ||| qw: Game counter: 1075
     0 | D:1      | 0 ||| qw: Always use a shield: true
     0 | D:1      | 0 ||| qw: God list: Okawaru
     0 | D:1      | 0 ||| qw: Allow faded altars: false
     0 | D:1      | 0 ||| qw: Do Orc after D:15 true
     0 | D:1      | 0 ||| qw: Do second Lair branch before Depths: true
     0 | D:1      | 0 ||| qw: Lair rune preference: random
     0 | D:1      | 0 ||| qw: Plans: Normal, Zot:1-4, Slime:5, God:TSO, Crypt,
                  | Tomb, Abyss, Pan, Hells, Win
     0 | D:1      | 0 ||| PLANNING D:1-11
   287 | D:1      | Found The Oracle's Delphic Readings.
   290 | D:1      | Reached XP level 2. HP: 19/19 MP: 2/2
   329 | D:1      | 329 ||| SHOPLISTING scroll of identify (22 gold, have 7).
   329 | D:1      | 329 ||| SHOPLISTING scroll of teleportation (33 gold, have
                  | 7).
   496 | D:1      | 496 ||| Stepping ~*~*~tactically~*~*~ (stealth).
   796 | D:1      | 796 ||| DROPPING ring of magical power.
   797 | D:1      | 797 ||| READING scroll labelled TEKECE DAZIYWI.
   898 | D:1      | 898 ||| READING scroll labelled FUVIPI XITET.
   899 | D:1      | 899 ||| READING 3 scrolls labelled DIPONI XASTE.
   900 | D:1      | 900 ||| READING scroll labelled QODITU GOAMU.
   901 | D:1      | 901 ||| READING scroll labelled OPPUSOF ONOIRGH.
   902 | D:1      | 902 ||| READING scroll labelled TEOPOFOERR.
   903 | D:1      | 903 ||| DRINKING 2 dark potions.
   904 | D:1      | 904 ||| DROPPING 2 scrolls of fog.
   936 | D:2      | 936 ||| DROPPING +0 club.
   959 | D:2      | Reached skill level 3 in Axes
  1023 | D:2      | 1023 ||| Stepping ~*~*~tactically~*~*~ (stealth).
  1025 | D:2      | 1025 ||| Stepping ~*~*~tactically~*~*~ (stealth).
  1029 | D:2      | Reached XP level 3. HP: 23/23 MP: 3/3
  1029 | D:2      | 1029 ||| Stepping ~*~*~tactically~*~*~ (stealth).
  1031 | D:2      | 1031 ||| Stepping ~*~*~tactically~*~*~ (stealth).
  1046 | D:2      | Noticed Robin
  1048 | D:2      | 1048 ||| Stepping ~*~*~tactically~*~*~ (hiding).
  1051 | D:2      | 1051 ||| Stepping ~*~*~tactically~*~*~ (hiding).
  1064 | D:2      | Killed Robin
  1126 | D:2      | 1126 ||| Stepping ~*~*~tactically~*~*~ (stealth).
  1127 | D:2      | 1127 ||| Stepping ~*~*~tactically~*~*~ (stealth).
  1156 | D:2      | Found Qatt's Weapon Shoppe.
  1163 | D:2      | 1163 ||| SHOPLISTING +2 war axe of venom (210 gold, have
                  | 49).
  1193 | D:2      | Noticed Sigmund
  1194 | D:2      | 1194 ||| DRINKING potion of curing.
  1194 | D:2      | 1194 ||| (to cure confusion)
  1201 | D:2      | Slain by Sigmund

Levels and vault maps discovered:
D:1:      lemuel_arrival_cross, layout_loops_cross, nicolae_nh_oracle_at_delphi
D:2:      layout_loops_corners, serial_shops, shop,
          minmay_fractal_squares_gapless_5, uniq_crazy_yiuf_cottage, uniq_robin,
          uniq_sigmund

Skill      XL: |  1  2 |
---------------+-------+-----
Axes           | 2 3 |  3.3
Fighting       | |  3.2
Throwing       | |  0.8
Armour         | |  3.2
Shields        | |  3.2

Action                     || total
---------------------------++-------
  Melee: War axe           ||    58
  Throw: Javelin           ||    27
    Use: Scroll            ||     6
         Potion            ||     2
 Armour: Scale mail        ||    23
  Dodge: Dodged            ||    26
  Block: Buckler           ||     6

Table legend:
 A = Non-vault XP
 B = Vault XP
 C = Vault XP percentage of total XP
 D = Non-vault monster count
 E = Vault monster count
 F = Vault count percentage of total count
                 A         B        C        D         E       F
            +---------+---------+-------+---------+---------+-------
      Total |      30 |      37 |  55.2 |      18 |      14 |  43.8
            +---------+---------+-------+---------+---------+-------
        D:1 |      23 |       3 |  11.5 |      14 |       2 |  12.5
        D:2 |       7 |      34 |  82.9 |       4 |      12 |  75.0
            +---------+---------+-------+---------+---------+-------
